 Dungeon Crawl Stone Soup version 0.29-a0-231-g945431f764 (webtiles) character file.

Game seed: 13499975905237086034

4855 Anon1729 the Sneak (level 10, -5/84 HPs)
             Began as a Demigod Brigand on Feb 28, 2022.
             Slain by a tengu warrior
             ... wielding a +0 great mace
              (13 damage)
             ... on level 10 of the Dungeon.
             The game lasted 00:22:10 (15607 turns).

Anon1729 the Sneak (Demigod Brigand)               Turns: 15607, Time: 00:22:10

Health: -5/84      AC:  7    Str: 12    XL:     10   Next: 5%
Magic:  13/13      EV: 18    Int: 13    God:
Gold:   419        SH:  0    Dex: 27    Spells: 9/9 levels left

rFire   + . .      SeeInvis .   b - +1 rapier (venom)
rCold   x . .      Faith    .   (no shield)
rNeg    + . .      Spirit   .   y - +0 robe
rPois   +          Reflect  .   (no helmet)
rElec   .          Harm     .   F - +2 cloak {rPois}
rCorr   .          Rampage  .   (no gloves)
Will    +....                   J - +1 pair of boots
Stlth   ++++......              (no amulet)
HPRegen 0.24/turn               n - ring of fire
MPRegen 0.13/turn               s - ring of positive energy

@: no status effects
A: high MP 1, forlorn, divine attributes
a: no special abilities


You were on level 10 of the Dungeon.
You visited 1 branch of the dungeon, and saw 10 of its levels.

You collected 608 gold pieces.
You spent 189 gold pieces at shops.

Inventory:

Hand Weapons
 a - the +4 dagger "Plog" {vorpal, Dex+3}
   (You bought it in a shop on level 2 of the Dungeon)

   It inflicts extra damage upon your enemies.
   Dex:       It affects your dexterity (+3).
 b - a +1 rapier of venom (weapon)
 u - a +0 dagger of venom
Missiles
 d - 14 poisoned darts (quivered)
 e - 2 curare-tipped darts
 G - 2 throwing nets
Armour
 y - a +0 robe (worn)
 F - a +2 cloak of poison resistance (worn)
 J - a +1 pair of boots (worn)
Jewellery
 f - a ring of flight
 n - a ring of fire (left hand)
 s - a ring of positive energy (right hand)
Wands
 r - a wand of paralysis (4)
 v - a wand of acid (6)
 E - a wand of flame (40)
Scrolls
 h - 3 scrolls of teleportation
 l - 2 scrolls of torment {unknown}
 m - a scroll of brand weapon {unknown}
 o - 2 scrolls of blinking
 p - 3 scrolls of magic mapping
 t - 2 scrolls of vulnerability
 x - 2 scrolls of immolation {unknown}
 z - 4 scrolls of enchant armour
 A - a scroll of fog {unknown}
 C - a scroll of holy word {unknown}
 I - a scroll of fear {unknown}
Potions
 c - 3 potions of haste
 g - 2 potions of flight {unknown}
 i - 2 potions of magic {unknown}
 j - a potion of heal wounds
 k - a potion of curing
 q - a potion of lignification {unknown}
 w - a potion of might {unknown}
 B - 3 potions of attraction {unknown}
 D - a potion of brilliance {unknown}
 H - a potion of degeneration {unknown}


   Skills:
 + Level 6.4 Fighting
 - Level 1.8(4.2) Short Blades
 + Level 6.0(6.2) Long Blades
 + Level 6.4 Throwing
 + Level 6.2 Dodging
 + Level 7.8 Stealth


You had 9 spell levels left.
You didn't know any spells.
Your spell library contained the following spells:

 Spells                   Type           Power      Damage    Failure   Level
 Magic Dart               Conj           0%         1d3       30%         1
 Sandblast                Erth           0%         2d4       30%         1
 Sting                    Tmut/Pois      0%         1d3       30%         1
 Summon Small Mammal      Summ           0%         N/A       30%         1
 Blink                    Tloc           0%         N/A       43%         2
 Ensorcelled Hibernation  Hex/Ice        0%         N/A       43%         2
 Passwall                 Tmut/Erth      0%         N/A       43%         2
 Poisonous Vapours        Pois/Air       0%         N/A       43%         2
 Searing Ray              Conj           0%         2d4       43%         2
 Static Discharge         Conj/Air       0%         N/A       43%         2
 Call Canine Familiar     Summ           0%         N/A       67%         3
 Dazzling Flash           Conj/Hex       0%         N/A       67%         3
 Lesser Beckoning         Tloc           0%         N/A       67%         3
 Stone Arrow              Conj/Erth      0%         3d7       67%         3
 Summon Guardian Golem    Hex/Summ       0%         N/A       67%         3
 Swiftness                Air            0%         N/A       67%         3
 Dispel Undead            Necr           0%         3d6       97%         4
 Fulminant Prism          Conj/Hex       0%         3d6       97%         4
 Iskenderun's Mystic Bla  Conj/Tloc      0%         2d3       97%         4
 Olgreb's Toxic Radiance  Pois           0%         N/A       97%         4
 Sticky Flame             Conj/Fire      0%         2d3       97%         4
 Summon Lightning Spire   Summ/Air       0%         N/A       97%         4
 Manifold Assault         Tloc           0%         N/A       100%        5
 Starburst                Conj/Fire      0%         6d3       100%        6
 Storm Form               Tmut/Air       0%         N/A       100%        7
 Maxwell's Capacitive Co  Air            0%         ∞         100%        8


Dungeon Overview and Level Annotations

Branches:
Dungeon (10/15)            Temple (0/1) D:7            Lair (0/6) D:10
    Orc: D:9-12

Shops:
D:2 (   D:8 (*[[

Annotations:
D:7 2 transporters, exclusion: oklob plant, NigelTetley's ghost, novice DECj


Innate Abilities, Weirdness & Mutations

You have an increased reservoir of magic. (+10% MP)
You shall have no god before yourself.
Your divine heritage dramatically boosts your attributes as you level up.


Message History

The tengu warrior barely misses you. The tengu warrior pecks you.
The tengu warrior closely misses you.
You hit the tengu warrior.
The tengu warrior looks as sick as possible!
The tengu warrior is heavily wounded.
The tengu warrior hits you with a +0 great mace!
The tengu warrior pecks you but does no damage.
The tengu warrior claws you.
You are too injured to fight recklessly!
The tengu warrior hits you with a +0 great mace.
The tengu warrior pecks you.
The tengu warrior claws you but does no damage.
A troll comes into view.
The tengu warrior hits you with a +0 great mace!
* * * LOW HITPOINT WARNING * * *
The tengu warrior pecks you.
* * * LOW HITPOINT WARNING * * *
The tengu warrior claws you.
* * * LOW HITPOINT WARNING * * *
Aiming: Paralyse
Press: ? - help, Shift-Dir - straight line, f - tengu warrior
Aim: a tengu warrior, wielding a +0 great mace and wearing a +0 leather armour (severely wounded, very poisoned, chance to affect: 31%)
The tengu warrior easily resists.
The tengu warrior hits you with a +0 great mace.
* * * LOW HITPOINT WARNING * * *
The tengu warrior closely misses you. The tengu warrior claws you.
* * * LOW HITPOINT WARNING * * *
There's nothing to close nearby.
Aiming: Paralyse
Press: ? - help, Shift-Dir - straight line, f/p - tengu warrior
Aim: a tengu warrior, wielding a +0 great mace and wearing a +0 leather armour (severely wounded, very poisoned, chance to affect: 31%)
The tengu warrior easily resists.
The tengu warrior closely misses you.
The tengu warrior pecks you but does no damage.
The tengu warrior completely misses you.
Aiming: Paralyse
Press: ? - help, Shift-Dir - straight line, f/p - tengu warrior
Aim: a tengu warrior, wielding a +0 great mace and wearing a +0 leather armour (severely wounded, very poisoned, chance to affect: 31%)
The tengu warrior easily resists.
The tengu warrior hits you with a +0 great mace!
You die...

..###.....P............##
#...... .....PP.P...PP...# #...#
#.#.... ..#...PP......P..##
#...# #.#.##.
#...P....÷......###...###.#.###
#.P..P.####.P..P.............#
##.P.†P#(>#..PP.....(......#.#
........#..#P.P...............##
...P.P..#'##..QPP........#......
###.....P.P)P..@.#.....#.#.#.#..
......P...P...........#.#.#.#..
#.......P...P..............#....
.........P.......)...#.....###.o
..###P.......).).....###.###.. #
###.....#.####.#.# #...
#.#...#)# #...###.## #.#...#.#
#.#.....# #.#...#.# #.......##


You could see a tengu warrior (very poisoned).

Vanquished Creatures
  Erica (D:8)
  2 hornets (D:9)
  Eustachio (D:6)
  2 wraiths (D:9)
  Menkaure (D:7)
  Edmund (D:6)
  A water moccasin (D:6)
  3 orc warriors
  An ice beast (D:7)
  A centaur (D:10)
  5 ogres
  A phantom (D:5)
  7 bullfrogs
  A necrophage (D:7)
  3 scorpions
  3 wights (D:7)
  A gnoll sergeant (D:9)
  6 killer bees (D:9)
  A howler monkey (D:7)
  2 jellies
  6 orc priests
  Crazy Yiuf (D:7)
  Ijyb (D:4)
  2 hounds (D:5)
  A gnoll shaman (D:7)
  5 iguanas
  7 orc wizards
  8 gnolls
  8 adders
  2 shadow imps
  2 white imps
  An ufetubus (D:6)
  A worm (D:3)
  A dart slug (D:3)
  19 orcs
  7 endoplasms
  A giant cockroach (D:2)
  2 goblins
  8 hobgoblins
  9 jackals
  5 quokkas
  5 ball pythons
  7 bats
  3 frilled lizards
  4 kobolds (D:2)
  3 rats (D:3)
163 creatures vanquished.

Vanquished Creatures (others)
  3 fungi (D:10)
  3 plants (D:10)
6 creatures vanquished.

Grand Total: 169 creatures vanquished

Notes
Turn   | Place    | Note
-------+----------+-------------------------------------------
     0 | D:1      | Anon1729 the Demigod Brigand began the quest for the Orb.
     0 | D:1      | Reached XP level 1. HP: 17/17 MP: 3/3
   117 | D:1      | Reached skill level 1 in Dodging
   384 | D:1      | Reached XP level 2. HP: 11/24 MP: 4/4
  1211 | D:2      | Found Ceuferaela's Antique Weapon Boutique.
  1725 | D:2      | Reached XP level 3. HP: 18/29 MP: 5/5
  1726 | D:2      | Reached skill level 1 in Long Blades
  2282 | D:3      | Reached skill level 4 in Stealth
  2760 | D:3      | Reached XP level 4. HP: 32/37 MP: 6/6
  3720 | D:4      | Noticed an ogre
  3751 | D:4      | Killed an ogre
  3752 | D:4      | Reached XP level 5. HP: 44/44 MP: 7/7
  4082 | D:4      | Noticed Ijyb
  4091 | D:4      | Killed Ijyb
  4549 | D:4      | Reached XP level 6. HP: 35/51 MP: 8/8
  4960 | D:2      | Bought an ichor-stained dagger for 189 gold pieces
  4960 | D:2      | Identified the +4 dagger "Plog" {vorpal, Dex+3} (You bought
                  | it in a shop on level 2 of the Dungeon)
  5043 | D:5      | Entered Level 5 of the Dungeon
  5050 | D:5      | Noticed Edmund
  5521 | D:6      | Noticed Eustachio
  5548 | D:6      | HP: 2/51 [iguana (11)]
  5555 | D:6      | Killed Eustachio
  5836 | D:6      | Noticed a water moccasin
  5838 | D:6      | Killed a water moccasin
  5839 | D:6      | Reached skill level 5 in Stealth
  5839 | D:6      | Reached XP level 7. HP: 58/58 MP: 9/9
  7175 | D:5      | Reached XP level 8. HP: 66/66 MP: 10/10
  7532 | D:6      | Killed Edmund
  8077 | D:5      | Reached skill level 6 in Stealth
  9182 | D:7      | Found a transporter.
  9192 | D:7      | Found a transporter.
  9214 | D:7      | Noticed a troll
  9215 | D:7      | Noticed NigelTetley's ghost (novice DECj)
  9220 | D:7      | Noticed an oklob plant
 10175 | D:7      | Noticed Menkaure
 10186 | D:7      | Killed Menkaure
 10187 | D:7      | Reached skill level 5 in Fighting
 10187 | D:7      | Reached skill level 5 in Throwing
 10520 | D:7      | Found a staircase to the Ecumenical Temple.
 10608 | D:7      | Found a runed translucent door.
 10609 | D:7      | Noticed Crazy Yiuf
 10617 | D:7      | Killed Crazy Yiuf
 11359 | D:8      | Found Wihofig's Armour Shoppe.
 11365 | D:8      | Noticed a skeletal warrior
 11398 | D:8      | Noticed a skeletal warrior
 11398 | D:8      | Noticed a skeletal warrior
 11859 | D:8      | Noticed Erica
 11892 | D:8      | Reached skill level 5 in Dodging
 11892 | D:8      | Reached XP level 9. HP: 32/74 MP: 11/11
 12102 | D:8      | Killed Erica
 12103 | D:8      | Reached skill level 5 in Long Blades
 12103 | D:8      | Reached skill level 7 in Stealth
 12366 | D:8      | Noticed a skeletal warrior
 12375 | D:8      | Noticed a skeletal warrior
 12711 | D:8      | Found Ungopapaha's Armour Emporium.
 13106 | D:8      | Found Tanif's General Store.
 13139 | D:8      | Found Gimpipli's Weapon Boutique.
 14831 | D:10     | Entered Level 10 of the Dungeon
 15319 | D:10     | Found a staircase to the Lair.
 15341 | D:10     | Reached XP level 10. HP: 42/84 MP: 13/13
 15575 | D:10     | Noticed a tengu warrior
 15607 | D:10     | Slain by a tengu warrior

Illustrated notes

Levels and vault maps discovered:
D:1:      dpeg_arrival_concentric_ovals, layout_basic, hex_tiny,
          solitary_fountain, hangedman_decor_push
D:2:      layout_basic, serial_shops, shop_statue
D:3:      kb_forest_paths, layout_basic, dk_noncrumbling_3, chequers_mini_garden
D:4:      layout_layer_cave, uniq_ijyb
D:5:      layout_rooms, uniq_edmund
D:6:      layout_loops_cross, bloody_trog, uniq_eustachio
D:7:      layout_loops_ring, nicolae_temple_entry_ecumenical, nzn_ghost_randoct,
          uniq_crazy_yiuf_cottage, uniq_menkaure
D:8:      layout_rooms, serial_shops, nicolae_shop_behind_doors,
          nicolae_take_the_stairs, shop, nicolae_shop_behind_doors,
          nicolae_shop_bloodbath_and_beyond, uniq_erica
D:9:      layout_basic
D:10:     layout_loops_cross, grunt_lair_entry_orc_guard_hut,
          grunt_ministairs_1, hellmonk_guarded_unrand_lears

Skill      XL: |  1  2  3  4  5  6  7  8  9 |
---------------+----------------------------+-----
Dodging        | 1 2 3 5 6 |  6.2
Throwing       | 2 3 4 5 6 |  6.4
Fighting       | 2 3 4 5 6 |  6.4
Long Blades    | 1 2 3 4 6 |  6.0
Stealth        | 4 5 6 7 |  7.8
Short Blades   | |  1.8

Action                   |  1- 3 |  4- 6 |  7- 9 | 10-12 || total
-------------------------+-------+-------+-------+-------++-------
Melee: Dagger            |   163 |    89 |   146 |       ||   398
       Punch             |     2 |       |     5 |       ||     7
       Rapier            |       |     1 |   237 |    20 ||   258
Throw: Dart              |     8 |    19 |     4 |       ||    31
Evoke: Wand              |       |       |       |     3 ||     3
  Use: Potion            |       |     2 |     3 |       ||     5
       Scroll            |       |       |     8 |       ||     8
 Stab: Sleeping          |    10 |     9 |    10 |       ||    29
       Distracted        |       |       |     2 |       ||     2
Armor: Robe              |    31 |    10 |    38 |    18 ||    97
Dodge: Dodged            |   103 |    57 |   332 |    22 ||   514

Table legend: (Time is in decaauts)
 A = Elapsed time spent in this place.
 B = Non-inter-level travel time spent in this place.
 C = Inter-level travel time spent in this place.
 D = Time resting spent in this place.
 E = Time spent auto-exploring this place.
 F = Levels seen in this place.
 G = Mean time per level.
                   A        B        C        D        E       F      G
               +--------+--------+--------+--------+--------+-----+--------+
         Total |  15581 |  15140 |    441 |   4949 |   7613 |  10 | 1558.1 |
       Dungeon |  15581 |  15140 |    441 |   4949 |   7613 |  10 | 1558.1 |
               +--------+--------+--------+--------+--------+-----+--------+

Top non-repeatable levels by time:
     D:6: 3444 daAuts
     D:7: 2648 daAuts
     D:4: 1915 daAuts
     D:9: 1660 daAuts
     D:3: 1298 daAuts
     D:1: 1153 daAuts
     D:2: 1115 daAuts
     D:5: 975 daAuts
     D:8: 882 daAuts
    D:10: 487 daAuts
